 Dungeon Crawl Stone Soup version 0.23.2 (webtiles) character file.

Game seed: 801746712754939774

56949 Kairos the Impaler (level 15, -28/119 HPs)
             Began as a Formicid Arcane Marksman on Apr 10, 2019.
             Was a High Priest of Okawaru.
             Blown up by an orb spider (42 damage)
             ... with an orb of destruction
             ... on level 2 of the Spider Nest.
             The game lasted 00:53:16 (24373 turns).

Kairos the Impaler (Formicid Arcane Marksman)      Turns: 24373, Time: 00:53:17

Health: -28/119    AC: 21    Str: 20    XL:     15   Next: 24%
Magic:  21/21      EV: 30    Int: 14    God:    Okawaru [*****.]
Gold:   1316       SH:  0    Dex: 11    Spells: 11/16 levels left

rFire    . . .     SeeInvis +   O - +4 glaive (vamp)
rCold    . . .     Gourm    .   (no shield)
rNeg     . . .     Faith    .   e - +4 chain mail {rPois}
rPois    +         Spirit   .   (helmet unavailable)
rElec    .         Reflect  .   X - +1 cloak {MR+}
rCorr    .         Harm     .   (no gloves)
MR       +++..                  j - +0 pair of boots
Stlth    +.........             M - amulet of the acrobat
HPRegen  0.29/turn              V - ring of protection from magic
MPRegen  0.17/turn              G - +3 ring of evasion

@: heroism, acrobat
A: permanent stasis, dig shafts and tunnels, four strong arms, antennae 3
a: Dig, Shaft Self, Heroism, Finesse, Renounce Religion


You were on level 2 of the Spider Nest.
You worshipped Okawaru.
Okawaru was extremely pleased with you.
You were very hungry.

You visited 3 branches of the dungeon, and saw 19 of its levels.

You collected 1316 gold pieces.

Inventory:

Hand Weapons
 i - a +2 flail of holy wrath
 r - a +4 halberd of freezing
 u - a +0 arbalest
 x - a +2 vampiric spear
 D - the +1 triple crossbow of Naux {venom, rN++}
   (Okawaru gifted it to you on level 11 of the Dungeon)

   It poisons the ammo it fires.
   It greatly protects you from negative energy.
 O - a +4 vampiric glaive (weapon)
Missiles
 d - 286 bolts
 g - a tomahawk of dispersal (quivered)
 k - 13 javelins
 F - 2 throwing nets
Armour
 e - a +4 chain mail of poison resistance (worn)
 j - a +0 pair of boots (worn)
 Q - a scarf of cloud immunity
 W - the +1 chain mail "Mehot" {rC+ rN+ Int-3}
   (Okawaru gifted it to you on level 3 of the Lair of Beasts)

   It affects your intelligence (-3).
   It protects you from cold.
   It protects you from negative energy.
 X - a +1 cloak of magic resistance (worn)
Magical Staves
 L - an uncursed staff of earth
 T - an uncursed staff of power {unknown}
Jewellery
 n - an uncursed ring of magical power
 G - a +3 ring of evasion (right hand)
 M - an amulet of the acrobat (around neck)
 N - an uncursed amulet of magic regeneration
 R - an uncursed ring of fire
 V - a ring of protection from magic (left hand)
 Z - an uncursed ring of ice
Wands
 b - a wand of disintegration (16)
 p - a wand of enslavement (20)
 v - a wand of paralysis (23)
 y - a wand of iceblast (20)
 z - a wand of acid (17)
 B - a wand of digging (9)
 P - a wand of random effects (19)
 S - a wand of flame (13)
 Y - a wand of scattershot (4)
Scrolls
 m - 6 scrolls of amnesia
 o - 3 scrolls of remove curse
 E - 2 scrolls of fog
 J - 2 scrolls of immolation
Potions
 c - 3 potions of might
 h - a potion of curing
 l - a potion of resistance {unknown}
 q - 3 potions of agility
 s - 3 potions of mutation {unknown}
 t - 3 potions of ambrosia {unknown}
 w - 2 potions of berserk rage {unknown}
 A - a potion of haste {unknown}
 C - a potion of degeneration {unknown}
 H - a potion of flight {unknown}
 I - a potion of cancellation {unknown}
 U - 4 potions of heal wounds
Miscellaneous
 a - a lamp of fire
Comestibles
 f - 35 rations


   Skills:
 + Level 11.4(16.4) Fighting
 + Level 0.4(5.4) Maces & Flails
 * Level 15.6(20.6) Polearms
 * Level 11.2(16.2) Crossbows
 + Level 10.0(15.0) Armour
 + Level 4.3(9.3) Dodging
 + Level 3.3(8.3) Stealth
 + Level 1.1 Spellcasting
 + Level 4.1 Hexes
 + Level 9.0 Invocations


You had 11 spell levels left.
You knew the following spells:

 Your Spells              Type           Power        Failure   Level  Hunger
a - Corona                Hex            ##.....      26%         1    ##.....
b - Passage of Golubria   Tloc           N/A          100%        4    #####..

Your spell library contained the following spells:

 Spells                   Type           Power        Failure   Level  Hunger
 Slow                     Hex            ##......     36%         2    ###....
 Beastly Appendage        Tmut           #.....       80%         1    ##.....
 Freeze                   Ice            #...         80%         1    ##.....
 Inner Flame              Hex/Fire       #.......     87%         3    ####...
 Portal Projectile        Hex/Tloc       #.....       87%         3    ####...
 Shroud of Golubria       Chrm/Tloc      #.........   91%         2    ###....
 Sticks to Snakes         Tmut           #.......     91%         2    ###....
 Throw Frost              Conj/Ice       #.....       91%         2    ###....
 Cause Fear               Hex            ##........   95%         4    #####..
 Gell's Gravitas          Tloc           #.........   99%         3    ####...
 Lesser Beckoning         Tloc           #.........   99%         3    ####...
 Ozocubu's Armour         Chrm/Ice       #.......     99%         3    ####...
 Spider Form              Tmut/Pois      #.........   99%         3    ####...
 Teleport Other           Tloc           #.......     99%         3    ####...
 Leda's Liquefaction      Hex/Erth       #.........   99%         4    #####..
 Ice Form                 Ice/Tmut       #.......     100%        4    #####..
 Summon Ice Beast         Ice/Summ       #.......     100%        4    #####..
 Throw Icicle             Conj/Ice       #.......     100%        4    #####..
 Blade Hands              Tmut           #.........   100%        5    ######.
 Blink                    Tloc           Unusable     N/A         2    N/A

Dungeon Overview and Level Annotations

Branches:
Dungeon (11/15)            Temple (0/1) D:6            Lair (6/6) D:11
 Shoals (0/4) Lair:3       Spider (1/4) Lair:3        Slime (0/5) Lair:6
    Orc (0/2) D:11

Altars:
Ashenzari
Cheibriados
Elyvilon
Fedhas
Kikubaaqudgha
Makhleb
Nemelex Xobeh
Okawaru
Trog
Uskayaw
Vehumet
Wu Jian
Xom
Beogh

Shops:
D:9 !

Annotations:
Lair:6 exclusion: 2 oklob plants


Innate Abilities, Weirdness & Mutations

You cannot be hasted, slowed, berserked, paralysed or teleported.
You can dig through walls and to a lower floor.
Your four strong arms can wield two-handed weapons with a shield.
You have a pair of large antennae on your head. (SInv)


Message History

The orb spider is almost dead.
The orb spider weaves a glowing orb of energy.
An orb of destruction comes into view.
You extend your mandibles.
You dig through the rock wall.
The orb of destruction hits a rock wall.
Evoke which item? (* to show all) (? for menu, Esc to quit)
Attack whom?
Press: ? - help, Dir - move target cursor, p - orb spider
Okay, then.
The orb spider pulsates with a strange energy.
You retract your mandibles.
You see here a runed halberd {god gift}.
Items here: %%%%% ÷÷÷÷÷ † The orb spider weaves a glowing orb of energy.
An orb of destruction comes into view.
Items here: %%%%% ÷÷÷÷÷ † You see here a runed halberd {god gift}.
The orb of destruction hits you!!!
You die...

{
###...............#
##..#..........## {
##..###.......##
##s## ##.....##.
#°## ##...###. ##○#
#.####.. #☼## #.#
#.. ####○# ### #..
#..@#^..# #..
###.####..# #.. #.#
.. ####. #.# #....
##. #...# . ###.# {
. ##. ## ##.. ##...


You could see an orb spider.

Vanquished Creatures
  Kirke (Spider:2)
  A dire elephant (Lair:6)
  7 hydras
  A catoblepas (Lair:6)
  A two-headed ogre (D:11)
  4 death yaks (Lair:6)
  A deep troll shaman (Lair:6)
  Sonja (Lair:4)
  2 wolf spiders (Spider:2)
  2 ugly things
  An oklob plant (D:11)
  2 manticores (D:11)
  5 black mambas
  A torpor snail (Lair:6)
  17 elephants
  9 spiny frogs
  A rime drake (Lair:1)
  A demonic crawler (Spider:1)
  7 komodo dragons
  A troll (D:9)
  4 polar bears
  A queen bee (Lair:3)
  A jumping spider (Spider:2)
  5 slime creatures
  9 blink frogs
  11 dream sheep
  A snapping turtle (Lair:3)
  5 hippogriffs
  Sigmund (D:6)
  9 redbacks
  45 yaks
  A tarantella (Spider:2)
  3 wyverns
  3 basilisks
  6 hogs (Spider:2)
  2 hungry ghosts
  4 wargs
  An acid dragon (D:11)
  11 water moccasins
  11 porcupines
  2 sky beasts (D:11)
  3 orc warriors
  4 black bears
  9 ogres
  27 wolves
  5 centaurs
  9 crocodiles
  2 big kobolds
  11 bullfrogs
  A gnoll sergeant (D:8)
  4 scorpions
  34 killer bees
  4 howler monkeys
  9 wights
  An electric eel (Lair:5)
  9 crimson imps
  2 quasits
  A bullfrog skeleton (D:8)
  A centaur zombie (D:10)
  6 hounds
  5 jellies
  5 orc priests
  A centaur skeleton (D:10)
  8 orc wizards
  2 iguanas
  9 worker ants
  A mummy (D:7)
  8 adders
  9 gnolls
  A howler monkey skeleton (D:7)
  A shadow imp (D:10)
  6 oozes
  2 adder skeletons
  3 worms
  9 leopard geckos
  48 orcs
  3 giant cockroaches
  9 goblins
  3 hobgoblins
  8 jackals
  7 quokkas
  2 ball pythons
  6 bats
  8 frilled lizards
  2 giant cockroach zombies (D:5)
  20 kobolds
  8 rats
  3 plants (D:11)
541 creatures vanquished.

Vanquished Creatures (others)
  A kobold (D:10)
  17 fungi
  5 plants (Lair:6)
23 creatures vanquished.

Grand Total: 564 creatures vanquished

Notes
Turn   | Place    | Note
-------+----------+-------------------------------------------
     0 | D:1      | Kairos the Formicid Arcane Marksman began the quest for the
                  | Orb.
     0 | D:1      | Reached XP level 1. HP: 15/15 MP: 2/2
   274 | D:1      | Reached XP level 2. HP: 21/21 MP: 3/3
   661 | D:2      | Reached XP level 3. HP: 13/26 MP: 4/4
  1755 | D:2      | Reached XP level 4. HP: 32/32 MP: 5/5
  2237 | D:3      | Found a faded altar of an unknown god.
  2272 | D:3      | Reached XP level 5. HP: 30/38 MP: 6/6
  2277 | D:3      | Reached XP level 6. HP: 21/46 MP: 7/7
  2474 | D:3      | Reached skill level 5 in Crossbows
  2493 | D:3      | Reached skill level 1 in Stealth
  2684 | D:3      | Reached XP level 7. HP: 51/51 MP: 8/8
  2702 | D:3      | Found an iron altar of Okawaru.
  2997 | D:3      | Became a worshipper of Warmaster Okawaru
  3582 | D:4      | Reached skill level 1 in Armour
  3606 | D:4      | Reached * piety under Okawaru
  3740 | D:4      | Reached XP level 8. HP: 60/60 MP: 9/9
  3746 | D:4      | Found a blossoming altar of Fedhas.
  4167 | D:5      | Entered Level 5 of the Dungeon
  4367 | D:5      | Reached skill level 1 in Polearms
  4589 | D:5      | Reached ** piety under Okawaru
  4589 | D:5      | Reached skill level 2 in Polearms
  4635 | D:5      | Found a sparkling altar of Nemelex Xobeh.
  4715 | D:5      | Found a shattered altar of Ashenzari.
  4862 | D:5      | Reached skill level 3 in Polearms
  5448 | D:6      | Reached XP level 9. HP: 66/66 MP: 10/10
  5480 | D:6      | Reached skill level 4 in Polearms
  5543 | D:6      | Found a shimmering altar of Xom.
  5544 | D:6      | Found a shimmering altar of Xom.
  5749 | D:6      | Noticed Sigmund
  5763 | D:6      | Killed Sigmund
  5763 | D:6      | Reached skill level 5 in Fighting
  5786 | D:6      | Found a staircase to the Ecumenical Temple.
  5801 | D:6      | Reached skill level 5 in Polearms
  6351 | D:7      | Found a hide-covered altar of Uskayaw.
  6352 | D:7      | Found an ornate altar of the Wu Jian Council.
  6484 | D:7      | Found a bloodstained altar of Trog.
  6779 | D:7      | Found a snail-covered altar of Cheibriados.
  6783 | D:7      | Reached *** piety under Okawaru
  7031 | D:8      | Noticed a green ugly thing
  7051 | D:8      | Killed a green ugly thing
  7051 | D:8      | Reached skill level 6 in Polearms
  7051 | D:8      | Reached XP level 10. HP: 37/76 MP: 11/11
  7093 | D:8      | Reached **** piety under Okawaru
  7397 | D:8      | Reached skill level 5 in Armour
  7464 | D:8      | Found a burning altar of Makhleb.
  7576 | D:8      | Found a radiant altar of Vehumet.
  7663 | D:8      | Found a white marble altar of Elyvilon.
  7743 | D:8      | Found a blossoming altar of Fedhas.
  7746 | D:8      | Found an ancient bone altar of Kikubaaqudgha.
  8608 | D:9      | Found Padosch's Distillery.
  9003 | D:8      | Reached skill level 7 in Polearms
  9420 | D:9      | Found a roughly hewn altar of Beogh.
  9896 | D:10     | Entered Level 10 of the Dungeon
 10206 | D:10     | Reached ***** piety under Okawaru
 10576 | D:10     | Reached XP level 11. HP: 83/86 MP: 12/12
 11019 | D:10     | Reached skill level 8 in Polearms
 11031 | D:11     | Noticed a manticore
 11035 | D:11     | Received a gift from Okawaru
 11048 | D:11     | Killed a manticore
 11048 | D:11     | Reached skill level 1 in Invocations
 11057 | D:11     | Got an ichor-stained triple crossbow {god gift}
 11470 | D:10     | Identified the +1 triple crossbow of Naux {venom, rN++}
                  | (Okawaru gifted it to you on level 11 of the Dungeon)
 11506 | D:11     | Reached skill level 9 in Polearms
 11556 | D:11     | Found a staircase to the Lair.
 11556 | D:11     | Noticed an oklob plant
 11753 | D:11     | Noticed a manticore
 11766 | D:11     | Killed a manticore
 12251 | D:11     | Noticed a two-headed ogre
 12263 | D:11     | Killed a two-headed ogre
 12323 | D:11     | Received a gift from Okawaru
 13037 | D:10     | Reached skill level 10 in Polearms
 13328 | D:11     | Noticed a white ugly thing
 13422 | D:11     | Found a staircase to the Orcish Mines.
 13761 | D:11     | Killed a white ugly thing
 13761 | D:11     | Reached XP level 12. HP: 34/94 MP: 14/14
 14134 | Lair:1   | Entered Level 1 of the Lair of Beasts
 14198 | Lair:1   | Received a gift from Okawaru
 14706 | Lair:1   | Reached skill level 11 in Polearms
 14990 | Lair:1   | Received a gift from Okawaru
 16153 | Lair:2   | Received a gift from Okawaru
 16161 | Lair:2   | Reached skill level 5 in Invocations
 16307 | Lair:2   | Reached skill level 12 in Polearms
 16307 | Lair:2   | Reached skill level 10 in Crossbows
 16598 | Lair:2   | Reached XP level 13. HP: 93/101 MP: 16/16
 17131 | Lair:3   | Noticed a five-headed hydra
 17152 | Lair:3   | Killed a five-headed hydra
 17469 | Lair:3   | Received a gift from Okawaru
 17667 | Lair:3   | Found a hole to the Spider Nest.
 17667 | Lair:3   | You fall through a shaft!
 17675 | Lair:4   | Received a gift from Okawaru
 17972 | Lair:3   | Reached skill level 10 in Fighting
 17988 | Lair:3   | Received a gift from Okawaru
 18038 | Lair:3   | Found a staircase to the Shoals.
 18392 | Lair:3   | Reached skill level 13 in Polearms
 18471 | Lair:3   | Received a gift from Okawaru
 18474 | Lair:3   | Got a smoking chain mail {god gift}
 18485 | Lair:3   | Identified the +1 chain mail "Mehot" {rC+ rN+ Int-3}
                  | (Okawaru gifted it to you on level 3 of the Lair of Beasts)
 19412 | Lair:4   | Noticed Sonja
 19434 | Lair:4   | Killed Sonja
 19987 | Lair:5   | Reached XP level 14. HP: 106/110 MP: 17/19
 20340 | Lair:5   | Reached skill level 14 in Polearms
 20902 | Lair:6   | Entered Level 6 of the Lair of Beasts
 20931 | Lair:6   | Received a gift from Okawaru
 21594 | Lair:6   | Found a staircase to the Slime Pits.
 22973 | Lair:6   | Received a gift from Okawaru
 22973 | Lair:6   | Reached skill level 15 in Polearms
 23011 | Lair:6   | Noticed a dire elephant
 23047 | Lair:6   | Killed a dire elephant
 23109 | Lair:6   | Learned a level 4 spell: Passage of Golubria
 23147 | Lair:6   | Reached XP level 15. HP: 113/119 MP: 21/21
 23689 | Spider:1 | Entered Level 1 of the Spider Nest
 23805 | Spider:1 | You fall through a shaft!
 23885 | Spider:2 | Received a gift from Okawaru
 24271 | Spider:2 | Noticed Kirke
 24279 | Spider:2 | Reached skill level 10 in Armour
 24319 | Spider:2 | Killed Kirke
 24319 | Spider:2 | Received a gift from Okawaru
 24373 | Spider:2 | Blown up by an orb spider

Skill      XL: |  1  2  3  4  5  6  7  8  9 10 11 12 13 14 15 |
---------------+----------------------------------------------+-----
Dodging        | 2 3 4 |  4.3
Hexes          | 4 |  4.1
Crossbows      | 3 4 5 7 8 9 10 11 | 11.2
Fighting       | 2 3 4 6 7 8 9 10 11 | 11.4
Stealth        | 1 2 3 |  3.3
Armour         | 1 3 4 6 7 8 9 10 | 10.0
Polearms       | 3 6 7 10 12 13 15 | 15.6
Invocations    | 3 5 7 8 9 |  9.0
Maces & Flails | |  0.4
Spellcasting   | |  1.1

Action                   |  1- 3 |  4- 6 |  7- 9 | 10-12 | 13-15 || total
-------------------------+-------+-------+-------+-------+-------++-------
Melee: Halberd           |       |       |   285 |   712 |       ||   997
       Flail             |       |       |     6 |       |       ||     6
       Punch             |       |       |       |     3 |    14 ||    17
       Glaive            |       |       |       |    40 |   780 ||   820
       Spear             |       |       |       |       |   759 ||   759
 Fire: Hand crossbow     |    64 |    87 |   131 |     6 |       ||   288
       Arbalest          |       |       |       |    86 |     2 ||    88
       Triple crossbow   |       |       |       |     8 |       ||     8
Invok: Heroism           |       |       |       |    21 |    26 ||    47
       Finesse           |       |       |       |       |     6 ||     6
 Abil: Dig               |       |       |     1 |    18 |    13 ||    32
Evoke: Wand              |       |       |       |       |     3 ||     3
  Use: Scroll            |       |       |    12 |     5 |     8 ||    25
       Potion            |       |       |       |     4 |     2 ||     6
 Stab: Invisible         |       |       |       |       |     2 ||     2
  Eat: Chunk             |     2 |     3 |    15 |    31 |     3 ||    54
       Ration            |       |       |       |     7 |    17 ||    24
Armor: Robe              |     3 |     4 |       |       |       ||     7
       Chain mail        |       |     1 |   225 |   449 |   724 ||  1399
Dodge: Dodged            |    11 |    19 |   160 |   532 |   892 ||  1614
